 Dungeon Crawl Stone Soup version 0.23.2 (webtiles) character file.

Game seed: 18294207485642547622

24 Borgoz the Sneak (level 3, 0/28 HPs)
             Began as a Ghoul Enchanter on Apr 4, 2019.
             Slain by a gnoll
             ... wielding a +0 flail
              (4 damage)
             ... on level 1 of the Dungeon.
             The game lasted 00:00:40 (274 turns).

Borgoz the Sneak (Ghoul Enchanter)                   Turns: 274, Time: 00:00:40

Health: 0/28       AC:  2    Str: 11    XL:     3   Next: 2%
Magic:  4/4        EV: 12    Int: 10    God:
Gold:   52         SH:  0    Dex: 10    Spells: 4/5 levels left

rFire    . . .     SeeInvis .   a - +1 dagger
rCold    + . .     Gourm    .   (no shield)
rNeg     + + +     Faith    .   b - +0 robe
rPois    ∞         Spirit   .   (no helmet)
rElec    .         Reflect  .   (no cloak)
rCorr    .         Harm     .   (no gloves)
MR       .....                  (no boots)
Stlth    ++........             (no amulet)
HPRegen  0.00/turn              (no ring)
MPRegen  0.09/turn              (no ring)

@: rotting
A: rotting body, claws 1, carnivore, cold resistance 1, negative energy
resistance 3, inhibited regeneration, torment resistance, unbreathing
a: no special abilities


You were on level 1 of the Dungeon.
You were not hungry.

You visited 1 branch of the dungeon, and saw 1 of its levels.

You collected 52 gold pieces.

Inventory:

Hand Weapons
 a - a +1 dagger (weapon)
Armour
 b - a +0 robe (worn)
Jewellery
 e - a +3 ring of dexterity {unknown}
Comestibles
 c - 3 chunks of flesh
 d - a ration


   Skills:
 + Level 1.0 Fighting
 * Level 1.5 Short Blades
 + Level 0.6 Armour
 * Level 2.2 Dodging
 - Level 3.2 Stealth
 - Level 1.7 Spellcasting
 - Level 2.4 Hexes


You had 4 spell levels left.
You knew the following spells:

 Your Spells              Type           Power        Failure   Level  Hunger
a - Corona                Hex            #......      12%         1    ##.....

Your spell library contained the following spells:

 Spells                   Type           Power        Failure   Level  Hunger
 Ensorcelled Hibernation  Hex/Ice        #.....       30%         2    ###....
 Confuse                  Hex            #.......     34%         3    ####...
 Tukima's Dance           Hex            #.......     34%         3    ####...
 Dazzling Spray           Conj/Hex       #.....       52%         3    ####...


Dungeon Overview and Level Annotations

Branches:
Dungeon (1/15)

Altars:


Innate Abilities, Weirdness & Mutations

Your body is rotting away.
You thrive on raw meat.
You are immune to poison.
You have sharp fingernails.
You are carnivorous and can eat meat at any time.
Your flesh is cold resistant. (rC+)
You are immune to negative energy. (rN+++)
You do not regenerate when monsters are visible.
You are immune to unholy pain and torment.
You can survive without breathing.


Message History

* * * LOW HITPOINT WARNING * * *
Eat one of 5 chunks of flesh? (ye/n/q)
You eat one of the 5 chunks of flesh.
This raw flesh tastes great!
The gnoll hits you with a +0 flail.
Eat one of 4 chunks of flesh? (ye/n/q)
You eat one of the 4 chunks of flesh.
This raw flesh tastes great!
You hit the gnoll.
The gnoll is severely wounded.
The gnoll barely misses you.
You hit the gnoll.
The gnoll is almost dead.
The gnoll misses you.
You hit the gnoll but do no damage.
The gnoll is almost dead.
The gnoll hits you with a +0 flail!
* * * LOW HITPOINT WARNING * * *
You hit the gnoll but do no damage.
The gnoll is almost dead.
The gnoll hits you with a +0 flail.
You die...

.. ###.#...............#
## #...........##.#.###
....
..>#...............#
##.#
##.#..#.....##(#.### #(#
#..#......#.....# #.# #.
#(#.......#### ##.###
.#..#.#.#.###.# ......
..........# #.# ##.###
#.....@#.# #.# .....#
#.....g.......
#..#.####.#..#.#.#######
)..............#..
#..#.####.#.## #.#
#..#.# # #.# #..#.# #.#
#..#.# #.# #..#.#####


You could see a gnoll.

Vanquished Creatures
  An ooze (D:1)
  3 dart slugs (D:1)
  2 giant cockroaches (D:1)
  2 goblins (D:1)
  3 jackals (D:1)
  A bat (D:1)
  A frilled lizard (D:1)
13 creatures vanquished.

Notes
Turn   | Place    | Note
-------+----------+-------------------------------------------
     0 | D:1      | Borgoz the Ghoul Enchanter began the quest for the Orb.
     0 | D:1      | Reached XP level 1. HP: 14/14 MP: 2/2
    28 | D:1      | Reached skill level 1 in Short Blades
    97 | D:1      | Reached XP level 2. HP: 21/21 MP: 3/3
   224 | D:1      | Reached skill level 1 in Fighting
   259 | D:1      | Reached XP level 3. HP: 25/28 MP: 4/4
   274 | D:1      | Slain by a gnoll

Skill      XL: |  1  2 |
---------------+-------+-----
Short Blades   | 1 |  1.5
Dodging        | 2 |  2.2
Fighting       | 1 |  1.0
Armour         | |  0.6
Stealth        | |  3.2
Spellcasting   | |  1.7
Hexes          | |  2.4

Action                   || total
-------------------------++-------
Melee: Dagger            ||    58
 Stab: Sleeping          ||     3
  Eat: Chunk             ||     6
Armor: Robe              ||     9
Dodge: Dodged            ||    23
